 Dungeon Crawl Stone Soup version 0.29.0-4-gdea44cf6ec (webtiles) character file.

Game seed: 1431903636237586826

16 qw the Sneak (level 2, -1/19 HPs)
             Began as a Gargoyle Delver on Sept 10, 2022.
             Killed from afar by an orc wizard (5 damage)
             ... with a magic dart
             ... on level 4 of the Dungeon.
             The game lasted 00:00:11 (315 turns).

qw the Sneak (Gargoyle Delver)                       Turns: 315, Time: 00:00:11

Health: -1/19      AC:  5    Str: 15    XL:     2   Next: 54%
Magic:  2/2        EV: 11    Int: 10    God:
Gold:   9          SH:  0    Dex: 11    Spells: 1/1 levels left

rFire   . . .      SeeInvis .   a - +0 hand axe
rCold   . . .      Faith    .   (no shield)
rNeg    + . .      Spirit   .   b - +0 leather armour
rPois   inf        Reflect  .   (no helmet)
rElec   +          Harm     .   (no cloak)
rCorr   .          Rampage  .   (no gloves)
Will    .....                   (no boots)
Stlth   +++.......              (no amulet)
HPRegen 0.06/turn               (no ring)
MPRegen 0.08/turn               (no ring)

@: no status effects
A: sickness immunity, AC +2, negative energy resistance 1, electricity
resistance, torment resistance 1, petrification resistance
a: no special abilities


You were on level 4 of the Dungeon.
You visited 1 branch of the dungeon, and saw 2 of its levels.

You collected 9 gold pieces.


Innate Abilities, Weirdness & Mutations

You are immune to sickness and miasma.
Your stone body is resilient. (AC +2)
You are immune to poison.
You resist negative energy. (rN+)
You are resistant to electric shocks. (rElec)
You are resistant to unholy torment.
You are immune to petrification.


   Skills:
 - Level 3.2 Fighting
 + Level 2.8 Axes
 - Level 1.5 Dodging
 - Level 5.4 Stealth


You had one spell level left.
You didn't know any spells.
Your spell library was empty.

Inventory:

Hand Weapons
 a - a +0 hand axe (weapon)
 c - a +0 club
Armour
 b - a +0 leather armour (worn)
Wands
 g - a wand of digging (3)
Potions
 f - a potion of haste

Dungeon Overview and Level Annotations

Branches:
Dungeon (5/15)
 Temple: D:4-7

Altars:


Message History

301 ||| Stepping ~*~*~tactically~*~*~ (hiding).
302 ||| Stepping ~*~*~tactically~*~*~ (hiding).
There is an open door here.
303 ||| Stepping ~*~*~tactically~*~*~ (hiding).
You start waiting.
An orc wizard is nearby!
An orc wizard comes into view. It is wielding a +1 dagger of speed.
There is an open door here.
You hit the orc wizard.
The orc wizard is moderately wounded.
The orc wizard hits you but does no damage.
The orc wizard points at you and mumbles some strange words.
The puff of flame misses you.
You closely miss the orc wizard.
The orc wizard is moderately wounded.
The orc wizard gestures at you while chanting.
The puff of flame hits you.
You slash the orc wizard!
The orc wizard is almost dead.
The orc wizard hits you but does no damage.
You hit the orc wizard but do no damage.
The orc wizard is almost dead.
The orc wizard completely misses you.
You closely miss the orc wizard.
The orc wizard is almost dead.
The orc wizard casts a spell.
The orc wizard flickers and vanishes!
Deactivating autopickup; reactivate with Ctrl-A.
The orc wizard gestures at you while chanting.
The puff of flame hits you.
313 ||| Stepping ~*~*~tactically~*~*~ (hiding).
You barely miss something.
You hear some strange, mumbled words.
A magic dart appears from out of thin air!
The magic dart hits you. Something hits you.
You miss something.
You hear some strange, mumbled words.
A magic dart appears from out of thin air!
The magic dart hits you.
You die...

...o............#
................#
................#
)...............#
...........%....#
.......>........#
.....o..(.......###
......###{#.......#
..... #.@.+..)....#
.... #...#%......#
.o. #...#>......#
o. #...#.......# .
#...#.......#
#...######### .....
.....


There were no monsters in sight!

Vanquished Creatures
  An adder (D:4)
  A worm (D:4)
  A jackal (D:4)
  A kobold (D:4)
4 creatures vanquished.

Notes
Turn   | Place    | Note
-------+----------+-------------------------------------------
     0 | D:5      | qw the Gargoyle Delver began the quest for the Orb.
     0 | D:5      | Reached XP level 1. HP: 14/14 MP: 1/1
     0 | D:5      | 0 ||| qw: Version: 0.1-a-117-gfe26ee0
     0 | D:5      | 0 ||| qw: Game counter: 9794
     0 | D:5      | 0 ||| qw: Always use a shield: true
     0 | D:5      | 0 ||| qw: God list: Okawaru
     0 | D:5      | 0 ||| qw: Allow faded altars: false
     0 | D:5      | 0 ||| qw: Do Orc after D:15 true
     0 | D:5      | 0 ||| qw: Do second Lair branch before Depths: true
     0 | D:5      | 0 ||| qw: Lair rune preference: random
     0 | D:5      | 0 ||| qw: Plans: Normal
     0 | D:5      | 0 ||| PLANNING D:1-11
     0 | D:5      | 0 ||| DROPPING scroll of fog.
     1 | D:5      | 1 ||| DROPPING scroll of magic mapping.
     2 | D:5      | 2 ||| DROPPING scroll of fear.
    28 | D:4      | Reached XP level 2. HP: 7/19 MP: 2/2
   299 | D:4      | 299 ||| Stepping ~*~*~tactically~*~*~ (hiding).
   301 | D:4      | 301 ||| Stepping ~*~*~tactically~*~*~ (hiding).
   302 | D:4      | 302 ||| Stepping ~*~*~tactically~*~*~ (hiding).
   303 | D:4      | 303 ||| Stepping ~*~*~tactically~*~*~ (hiding).
   313 | D:4      | 313 ||| Stepping ~*~*~tactically~*~*~ (hiding).
   314 | D:4      | HP: 4/19 [something (1)]
   315 | D:4      | Killed from afar by an orc wizard

Levels and vault maps discovered:
D:4:      layout_gridville, nicolae_qazlal_general_emergency, nicolae_wormholes,
          uniq_ijyb
D:5:      layout_cave_pools, minmay_temple_entry_mini_moons,
          gammafunk_ghost_hive, amethyst_killhole

Skill      XL: |  1 |
---------------+----+-----
Axes           | 2 |  2.8
Fighting       | |  3.2
Dodging        | |  1.5
Stealth        | |  5.4

Action                   || total
-------------------------++-------
Melee: Hand axe          ||    40
Armor: Leather armour    ||    12
Dodge: Dodged            ||    35

Table legend:
 A = Non-vault XP
 B = Vault XP
 C = Vault XP percentage of total XP
 D = Non-vault monster count
 E = Vault monster count
 F = Vault count percentage of total count
                 A         B        C        D         E       F
            +---------+---------+-------+---------+---------+-------
      Total |      23 |       0 |   0.0 |       4 |       0 |   0.0
            +---------+---------+-------+---------+---------+-------
        D:4 |      23 |       0 |   0.0 |       4 |       0 |   0.0
            +---------+---------+-------+---------+---------+-------
